3AA
ATLANTIC CITY SONICS @ BILLINGS POLAR BEARS
05/29/2024
 
TOP OF THE 1ST
Atlantic City Sonics batting - Pitching for Billings Polar Bears : RHP Tim Cross
Pitching: RHP Tim Cross
Batting: RHB Arturo Maldonado 0-0: Called Strike
0-1: Ball
1-1: Ball
2-1: Called Strike
2-2: Ball
3-2: Foul Ball, location: 2F
3-2: Fly out, F8 (Popup, 6MD)
Batting: LHB José Cordero 0-0: Foul Ball, location: 2F
0-1: Swinging Strike
0-2: Foul Ball, location: 2F
0-2: Fly out, F5 (Popup, 5F)
Batting: RHB Pedro Rivera 0-0: Ball
1-0: Called Strike
1-1: Ball
2-1: Foul Ball, location: 2F
2-2: Ball
3-2: SINGLE (Line Drive, 6M)
Pitching: RHP Ángel Ruíz
Batting: RHB Arturo Rochel 0-0: Called Strike
0-1: Fielders Choice at 2nd, U6 (Groundball, 6M)
Top of the 1st over - 0 run(s), 1 hit(s), 0 error(s), 1 left on base; Atlantic City 0 - Billings 0
BOTTOM OF THE 1ST
Billings Polar Bears batting - Pitching for Atlantic City Sonics : RHP José Lucero
Pitching: RHP José Lucero
Batting: SHB Carlos Schultz 0-0: Ball
1-0: Called Strike
1-1: Called Strike
1-2: Foul Ball, location: 2F
1-2: Foul Ball, location: 2F
1-2: Fly out, F8 (Flyball, 8RM)
Batting: RHB Lúcio Marín 0-0: Called Strike
0-1: Ball
1-1: Ground out 1-3 (Groundball, 13)
Pitching: LHP Steve Pérez
Batting: LHB Júlio Castro 0-0: Called Strike
0-1: Ground out 2-3 (Groundball, 2R)
Bottom of the 1st over - 0 run(s), 0 hit(s), 0 error(s), 0 left on base; Atlantic City 0 - Billings 0
TOP OF THE 2ND
Atlantic City Sonics batting - Pitching for Billings Polar Bears : RHP Ángel Ruíz
Batting: RHB John Schnatter 0-0: Ball
1-0: Ball
2-0: Called Strike
2-1: Swinging Strike
2-2: Ground out 2-3 (Groundball, 25)
Batting: RHB Xavier Águila 0-0: Swinging Strike
0-1: Ball
1-1: SINGLE (Groundball, 6MD)
Batting: LHB Salvador Avilés 0-0: Called Strike
0-1: Grounds into double play, 6-4-3 (Groundball, 6)
Top of the 2nd over - 0 run(s), 1 hit(s), 0 error(s), 0 left on base; Atlantic City 0 - Billings 0
BOTTOM OF THE 2ND
Billings Polar Bears batting - Pitching for Atlantic City Sonics : LHP Steve Pérez
Batting: RHB Mario Piña 0-0: Ground out 4-3 (Groundball, 4)
Batting: LHB Magali Lenidas 0-0: Ground out 1-3 (Groundball, 13S)
Batting: RHB Jesús Vásquez 0-0: Called Strike
0-1: Swinging Strike
0-2: Strikes out looking
Bottom of the 2nd over - 0 run(s), 0 hit(s), 0 error(s), 0 left on base; Atlantic City 0 - Billings 0
TOP OF THE 3RD
Atlantic City Sonics batting - Pitching for Billings Polar Bears : RHP Ángel Ruíz
Batting: LHB Kip Burks 0-0: Ball
1-0: Ball
2-0: Ball
3-0: Base on Balls
Batting: RHB Marty Hayden 0-0: Called Strike
0-1: Ball
1-1: Ball
2-1: 2-RUN HOME RUN (Flyball, 7LD), Distance : 354 ft
Batting: RHB Arturo Maldonado 0-0: Called Strike
0-1: Foul Ball, location: 2F
0-2: SINGLE (Line Drive, 89S)
Batting: LHB José Cordero 0-0: Ball
1-0: Ball
2-0: Fly out, F7 (Flyball, 7M)
Batting: RHB Pedro Rivera 0-0: Ball
1-0: Ball
2-0: Foul Ball, location: 2F
2-1: Swinging Strike
2-2: Ball
3-2: Foul Ball, location: 2F
3-2: Ground out 5-3 (Groundball, 5)
Arturo Maldonado to second
Batting: RHB Arturo Rochel 0-0: Called Strike
0-1: Ball
1-1: Swinging Strike
1-2: Foul Ball, location: 2F
1-2: Foul Ball, location: 2F
1-2: Ball
2-2: Foul Ball, location: 2F
2-2: Ball
3-2: Base on Balls
Pitching: LHP Seihaci Igarachi
Batting: RHB John Schnatter 0-0: Called Strike
0-1: Ball
1-1: Ball
2-1: Swinging Strike
2-2: Ball
3-2: Foul Ball, location: 2F
3-2: Base on Balls
Arturo Maldonado to third
Arturo Rochel to second
Batting: RHB Xavier Águila 0-0: Swinging Strike
0-1: Ball
1-1: Ball
2-1: Foul Ball, location: 2F
2-2: Ball
3-2: Base on Balls
Arturo Maldonado scores
Arturo Rochel to third
John Schnatter to second
Batting: LHB Salvador Avilés 0-0: Foul Ball, location: 2F
0-1: Foul Ball, location: 2F
0-2: Fly out, F6 (Popup, 56D)
Top of the 3rd over - 3 run(s), 2 hit(s), 0 error(s), 3 left on base; Atlantic City 3 - Billings 0
BOTTOM OF THE 3RD
Billings Polar Bears batting - Pitching for Atlantic City Sonics : LHP Steve Pérez
Batting: LHB Felipe Trujillo 0-0: Foul Ball, location: 2F
0-1: TRIPLE (Flyball, 8LXD)
Batting: SHB Bernard Gauthier 0-0: Ball
1-0: Ball
2-0: Ball
3-0: Called Strike
3-1: Fly out, F9 (Flyball, 9M)
Runner from 3rd tags up, SCORES, no throw
Batting: LHB Sergio Rodríguez 0-0: Ball
1-0: Ball
2-0: Ball
3-0: Base on Balls
Batting: SHB Carlos Schultz 0-0: Ball
1-0: Called Strike
1-1: SINGLE (Flyball, 8RS)
Sergio Rodríguez to second
Batting: RHB Lúcio Marín 0-0: Called Strike
0-1: Called Strike
Sergio Rodríguez steals 3rd base
Carlos Schultz to second
0-2: Strikes out swinging
Batting: LHB Júlio Castro 0-0: Swinging Strike
0-1: Foul Ball, location: 2F
0-2: Fly out, F7 (Flyball, 78M)
Bottom of the 3rd over - 1 run(s), 2 hit(s), 0 error(s), 2 left on base; Atlantic City 3 - Billings 1
TOP OF THE 4TH
Atlantic City Sonics batting - Pitching for Billings Polar Bears : LHP Seihaci Igarachi
Batting: LHB Kip Burks 0-0: SINGLE (Groundball, 4MD) (infield hit)
Batting: RHB Marty Hayden 0-0: Ball
Kip Burks steals 2nd base
1-0: Ground out 5-3 (Groundball, 5S)
Kip Burks to third
Batting: RHB Arturo Maldonado 0-0: Called Strike
0-1: DOUBLE (Groundball, 5L)
Kip Burks scores
Batting: LHB José Cordero 0-0: Foul Ball, location: 2F
0-1: Ball
1-1: Fly out, F6 (Popup, 6MD)
Batting: RHB Pedro Rivera 0-0: Foul Ball, location: 2F
0-1: Ground out 6-3 (Groundball, 6)
Top of the 4th over - 1 run(s), 2 hit(s), 0 error(s), 1 left on base; Atlantic City 4 - Billings 1
BOTTOM OF THE 4TH
Billings Polar Bears batting - Pitching for Atlantic City Sonics : LHP Steve Pérez
Batting: RHB Mario Piña 0-0: Ground out 6-3 (Groundball, 6M)
Batting: LHB Magali Lenidas 0-0: SINGLE (Flyball, 7S)
Batting: RHB Jesús Vásquez 0-0: Ball
1-0: Fly out, F8 (Flyball, 8LM)
Batting: LHB Felipe Trujillo 0-0: Called Strike
0-1: Ball
1-1: Ground out 4-3 (Groundball, 4)
Bottom of the 4th over - 0 run(s), 1 hit(s), 0 error(s), 1 left on base; Atlantic City 4 - Billings 1
TOP OF THE 5TH
Atlantic City Sonics batting - Pitching for Billings Polar Bears : LHP Seihaci Igarachi
Batting: RHB Arturo Rochel 0-0: Ball
1-0: Swinging Strike
1-1: Ball
2-1: Ground out 6-3 (Groundball, 6M)
Batting: RHB John Schnatter 0-0: Ball
1-0: Swinging Strike
1-1: Foul Ball, location: 2F
1-2: Ball
2-2: Foul Ball, location: 2F
2-2: Foul Ball, location: 2F
2-2: Fly out, F7 (Flyball, 7D)
Batting: RHB Xavier Águila 0-0: Called Strike
0-1: Ball
1-1: Foul Ball, location: 2F
1-2: Foul Ball, location: 2F
1-2: Ball
2-2: Ball
3-2: Fly out, F7 (Flyball, 7M)
Top of the 5th over - 0 run(s), 0 hit(s), 0 error(s), 0 left on base; Atlantic City 4 - Billings 1
BOTTOM OF THE 5TH
Billings Polar Bears batting - Pitching for Atlantic City Sonics : LHP Steve Pérez
Batting: SHB Bernard Gauthier 0-0: Ball
1-0: Called Strike
1-1: Ball
2-1: Called Strike
2-2: Strikes out swinging
Batting: LHB Sergio Rodríguez 0-0: Ball
1-0: Fly out, F4 (Popup, 4D)
Batting: SHB Carlos Schultz 0-0: Ball
1-0: Ball
2-0: Ball
3-0: Base on Balls
Batting: RHB Lúcio Marín 0-0: Called Strike
0-1: Ball
1-1: Swinging Strike
1-2: SINGLE (Flyball, 8RS)
Carlos Schultz to second
Carlos Schultz to third
Batting: LHB Júlio Castro 0-0: Ball
1-0: Called Strike
Lúcio Marín steals 2nd base
1-1: Ball
2-1: Ball
3-1: Base on Balls
Pitching: RHP Tony Newell
Batting: RHB Mario Piña 0-0: Foul Ball, location: 2F
0-1: Called Strike
0-2: Ball
1-2: Strikes out swinging
Bottom of the 5th over - 0 run(s), 1 hit(s), 0 error(s), 3 left on base; Atlantic City 4 - Billings 1
TOP OF THE 6TH
Atlantic City Sonics batting - Pitching for Billings Polar Bears : LHP Seihaci Igarachi
Batting: LHB Salvador Avilés 0-0: SINGLE (Line Drive, 6)
Batting: LHB Kip Burks 0-0: Bunted foul
0-1: Sac Bunt - play at first, batter OUT! 1-4
Salvador Avilés to second
Batting: RHB Marty Hayden 0-0: Ball
1-0: DOUBLE (Flyball, 7D)
Salvador Avilés scores
Batting: RHB Arturo Maldonado 0-0: Intentional Walk
Pitching: RHP Serafino Abreu
Batting: LHB José Cordero 0-0: Called Strike
0-1: Ball
1-1: Foul Ball, location: 2F
1-2: Ball
2-2: Foul Ball, location: 2F
2-2: Strikes out swinging
Batting: RHB Pedro Rivera 0-0: Foul Ball, location: 2F
0-1: Swinging Strike
0-2: Foul Ball, location: 2F
0-2: Ball
1-2: Foul Ball, location: 2F
1-2: Ball
2-2: Strikes out looking
Top of the 6th over - 1 run(s), 2 hit(s), 0 error(s), 2 left on base; Atlantic City 5 - Billings 1
BOTTOM OF THE 6TH
Billings Polar Bears batting - Pitching for Atlantic City Sonics : RHP Tony Newell
Batting: LHB Magali Lenidas 0-0: Ball
1-0: Ball
2-0: Ball
3-0: Base on Balls
Batting: RHB Jesús Vásquez 0-0: Ball
1-0: SINGLE (Groundball, 6M)
Magali Lenidas to second
Batting: LHB Felipe Trujillo 0-0: Called Strike
0-1: Ball
1-1: Foul Ball, location: 2F
1-2: Ball
2-2: Ball
3-2: Strikes out looking
Batting: SHB Bernard Gauthier 0-0: Called Strike
0-1: Fly out, F7 (Flyball, 78XD)
Runner from 2nd tags up, SAFE at 3rd, no throw
Batting: LHB Sergio Rodríguez 0-0: Called Strike
0-1: Ball
1-1: Ball
2-1: Fly out, F7 (Flyball, 7LM)
Bottom of the 6th over - 0 run(s), 1 hit(s), 0 error(s), 2 left on base; Atlantic City 5 - Billings 1
TOP OF THE 7TH
Atlantic City Sonics batting - Pitching for Billings Polar Bears : RHP Serafino Abreu
Batting: RHB Arturo Rochel 0-0: Called Strike
0-1: Ground out 6-3 (Groundball, 6)
Batting: RHB John Schnatter 0-0: Ball
1-0: Foul Ball, location: 2F
1-1: Foul Ball, location: 2F
1-2: Strikes out swinging
Batting: RHB Xavier Águila 0-0: Called Strike
0-1: Fly out, F9 (Flyball, 9LD)
Top of the 7th over - 0 run(s), 0 hit(s), 0 error(s), 0 left on base; Atlantic City 5 - Billings 1
BOTTOM OF THE 7TH
Billings Polar Bears batting - Pitching for Atlantic City Sonics : RHP Tony Newell
Batting: SHB Carlos Schultz 0-0: Called Strike
0-1: Ball
1-1: Ground out 6-3 (Groundball, 6)
Batting: RHB Lúcio Marín 0-0: Called Strike
0-1: Foul Ball, location: 2F
0-2: Ball
1-2: Fly out, F3 (Popup, 3SF)
Pitching: LHP Manuel Sánchez
Batting: LHB Júlio Castro 0-0: Fly out, F4 (Line Drive, 4)
Bottom of the 7th over - 0 run(s), 0 hit(s), 0 error(s), 0 left on base; Atlantic City 5 - Billings 1
TOP OF THE 8TH
Atlantic City Sonics batting - Pitching for Billings Polar Bears : RHP Serafino Abreu
Batting: LHB Salvador Avilés 0-0: Ball
1-0: Ball
2-0: Foul Ball, location: 2F
2-1: Foul Ball, location: 2F
2-2: Foul Ball, location: 2F
2-2: Foul Ball, location: 2F
2-2: Strikes out swinging
Batting: LHB Kip Burks 0-0: Ball
1-0: Ball
2-0: Called Strike
2-1: Swinging Strike
2-2: Strikes out swinging
Batting: RHB Marty Hayden 0-0: Ball
1-0: SINGLE (Line Drive, 6M)
Pitching: LHP José Duarte
Batting: RHB Arturo Maldonado 0-0: SINGLE (Groundball, 4M)
Marty Hayden to second
Batting: LHB José Cordero 0-0: Called Strike
0-1: Swinging Strike
0-2: Ball
1-2: Strikes out swinging
Top of the 8th over - 0 run(s), 2 hit(s), 0 error(s), 2 left on base; Atlantic City 5 - Billings 1
BOTTOM OF THE 8TH
Billings Polar Bears batting - Pitching for Atlantic City Sonics : LHP Manuel Sánchez
Batting: RHB Mario Piña 0-0: Called Strike
0-1: Fly out, F2 (Popup, 2RF)
Batting: LHB Magali Lenidas 0-0: Called Strike
0-1: Foul Ball, location: 2F
0-2: Fly out, F8 (Flyball, 8RD)
Batting: RHB Jesús Vásquez 0-0: Hit by Pitch
Batting: LHB Felipe Trujillo 0-0: Ball
1-0: Foul Ball, location: 2F
1-1: Swinging Strike
1-2: Ball
2-2: Ball
3-2: Strikes out swinging
Bottom of the 8th over - 0 run(s), 0 hit(s), 0 error(s), 1 left on base; Atlantic City 5 - Billings 1
TOP OF THE 9TH
Atlantic City Sonics batting - Pitching for Billings Polar Bears : LHP José Duarte
Batting: RHB Pedro Rivera 0-0: Called Strike
0-1: Ball
1-1: Hit by Pitch
Batting: RHB Arturo Rochel 0-0: Swinging Strike
0-1: Foul Ball, location: 2F
0-2: Ball
1-2: SINGLE (Groundball, 56D)
Pedro Rivera to second
Pitching: RHP Lyndon Smith
Batting: RHB John Schnatter 0-0: Foul Ball, location: 2F
0-1: Ball
1-1: Ball
2-1: Grounds into double play, 6-4-3 (Groundball, 6)
Pedro Rivera to third
Batting: RHB Xavier Águila 0-0: Called Strike
0-1: Ground out 6-3 (Groundball, 6)
Top of the 9th over - 0 run(s), 1 hit(s), 0 error(s), 1 left on base; Atlantic City 5 - Billings 1
BOTTOM OF THE 9TH
Billings Polar Bears batting - Pitching for Atlantic City Sonics : LHP Manuel Sánchez
Batting: SHB Bernard Gauthier 0-0: Foul Ball, location: 2F
0-1: DOUBLE (Line Drive, 5D)
Batting: LHB Sergio Rodríguez 0-0: Ball
1-0: Ball
2-0: Ball
3-0: Called Strike
3-1: Foul Ball, location: 2F
3-2: Strikes out swinging
Batting: SHB Carlos Schultz 0-0: Ball
1-0: Ball
2-0: Called Strike
2-1: Ball
3-1: Fly out, F8 (Flyball, 8RM)
Batting: RHB Lúcio Marín 0-0: Called Strike
0-1: Ball
1-1: Ground out 5-3 (Groundball, 15S)
Bottom of the 9th over - 0 run(s), 1 hit(s), 0 error(s), 1 left on base; Atlantic City 5 - Billings 1
This league is powered by Out of the Park Baseball, the baseball management simulation game for PC, Mac and Linux
Monday, October 3rd, 2016 - OOTP Baseball 16.9 Build 39